AoeStats
← Hector Of Troy

Oasis

509849514Analyzed
2v2 RM · 3d ago on Sep 28, 2026· 21m 56s· 4 players
Game mode
Random Map
Map size
Medium (4 player)
Population
200
Speed
Normal
Resources
Standard
Victory
Conquest
Starting age
Dark Age
Ending age
Imperial Age
RankedLock teamsTeams togetherTeam positionsShared explorationLock speedFull tech treeHidden civsTurbo modeCheats
Victory
Defeat
🇹🇷 Bulgarians · Türkiye
1090
+17
🇹🇷 Britons · Türkiye
1061
+18
🇺🇸 Jurchens · United States
1121
-18
🇨🇳 Mongols · China
1085
-17
Sayri89
10:20 Feudal Age
11:50 Loom
19:17 Castle Age
18:14 Bloodlines
18:11 Double-Bit Axe
19:03 Horse Collar
20:23 Scale Barding Armor
我是小菜鸡
7:55 Feudal Age
Hector Of Troy
7:34 Loom
10:38 Feudal Age
19:22 Castle Age
17:40 Double-Bit Axe
18:56 Bloodlines
22:00 Husbandry
Caniko
9:43 Feudal Age
9:14 Loom
10:39 Double-Bit Axe
18:39 Castle Age
20:00 Horse Collar
Connection lost

Rejoining the realm…

Still unreachable

The connection could not be restored.

Session expired

The server has moved on; the page needs a fresh start.